 Dungeon Crawl Stone Soup version 0.25-a0-657-ge95d391c20 (webtiles) character file.

Game seed: 17591954898179642247, levelgen mode: deterministic

1635 MisterFreud the Nimble (level 8, -4/38 HPs)
             Began as a Felid Skald on Mar 22, 2020.
             Slain by an orc
             ... wielding a +0 mace
              (10 damage)
             ... on level 6 of the Dungeon.
             The game lasted 00:14:54 (9026 turns).

MisterFreud the Nimble (Felid Skald)                Turns: 9026, Time: 00:14:55

Health: -4/38      AC:  2    Str:  7    XL:     8   Next: 66%
Magic:  17/21      EV: 24    Int: 17    God:
Gold:   427        SH:  0    Dex: 15    Spells: 8/11 levels left
                                        Lives:  0   Deaths: 2

rFire    . . .     SeeInvis +     - Unarmed
rCold    . . .     Gourm    .   (shield unavailable)
rNeg     . . .     Faith    .   (armour unavailable)
rPois    .         Spirit   .   (helmet unavailable)
rElec    .         Reflect  .   (cloak unavailable)
rCorr    .         Harm     .   (gloves unavailable)
MR       ++...                  (boots unavailable)
Stlth    ++++......             (no amulet)
HPRegen  0.12/turn              v - ring of magical power
MPRegen  0.17/turn              c - ring of protection from magic

@: infused, very slightly contaminated, quick
A: very small, no armour, no weapons or thrown items, stealth, claws 1, fangs 3,
see invisible, carnivore, speed 1, shaggy fur 2, slow metabolism 1, sharp paws
a: no special abilities


You were on level 6 of the Dungeon.
You were very full.

You visited 1 branch of the dungeon, and saw 6 of its levels.

You collected 427 gold pieces.

Inventory:

Jewellery
 c - a ring of protection from magic (right paw)
 l - an uncursed ring of flight
 p - an uncursed ring of ice
 q - an uncursed amulet of harm
 v - a ring of magical power (left paw)
Wands
 t - a wand of polymorph (1)
Scrolls
 d - 5 scrolls of identify
 f - a scroll of magic mapping
 i - 2 scrolls of blinking
 o - a scroll of remove curse
 s - a scroll of fear {unknown}
 u - a scroll of enchant armour {unknown}
 w - a scroll of fog {unknown}
Potions
 a - 2 potions of brilliance
 e - 3 potions of might {unknown}
 g - 2 potions of flight {unknown}
 h - 3 potions of lignification {unknown}
 j - a potion of stabbing {unknown}
 k - 4 potions of curing {unknown}
 m - 2 potions of degeneration {unknown}
 n - 2 potions of heal wounds {unknown}
 r - 2 potions of magic {unknown}
Comestibles
 b - 12 rations


   Skills:
 + Level 6.2 Fighting
 + Level 8.9 Dodging
 - Level 8.0 Stealth
 + Level 6.1 Unarmed Combat
 - Level 2.0 Spellcasting
 - Level 3.6 Charms


You had 8 spell levels left.
You knew the following spells:

 Your Spells              Type           Power        Failure   Level  Hunger
a - Infusion              Chrm           ##..         4%          1    #......
b - Shroud of Golubria    Chrm/Tloc      #.....       14%         2    ###....

Your spell library contained the following spells:

 Spells                   Type           Power        Failure   Level  Hunger
 Song of Slaying          Chrm           ##......     7%          2    ###....
 Corona                   Hex            #......      19%         1    #......
 Slow                     Hex            #.......     28%         2    ###....
 Ozocubu's Armour         Chrm/Ice       #.......     28%         3    ###....
 Inner Flame              Hex/Fire       #.......     50%         3    ###....
 Cause Fear               Hex            #.........   88%         4    #####..
 Leda's Liquefaction      Hex/Erth       #.........   88%         4    #####..
 Spectral Weapon          Hex/Chrm       Unusable     N/A         3    N/A
 Portal Projectile        Hex/Tloc       Unusable     N/A         3    N/A

Dungeon Overview and Level Annotations

Branches:
Dungeon (6/15)
 Temple: D:4-7

Altars:
Okawaru
Ru


Innate Abilities, Weirdness & Mutations

You cannot wear armour.
You are incapable of wielding weapons or throwing items.
Your paws allow you to move quietly. (Stealth)
You have sharp claws.
You have razor-sharp teeth.
You have supernaturally acute eyesight. (SInv)
You are carnivorous and can eat meat at any time.
You cover ground quickly.
You are covered in thick fur. (AC +2)
You have a slow metabolism.
Your sharp claws are effective at attacking unaware monsters.


Message History

You barely miss the orc warrior.
The orc warrior is heavily wounded.
The orc warrior hits you with a +0 glaive!!
Ouch! That really hurt!
* * * LOW HITPOINT WARNING * * *
You barely miss the orc warrior.
The orc warrior is heavily wounded.
The orc misses you. The orc warrior closely misses you.
You scratch the orc warrior.
The orc warrior is heavily wounded.
The orc misses you.
Casting: Infusion (safe; 4% risk of failure)
Confirm with . or Enter, or press ? or * to list all spells.
Space distorts slightly along a thin shroud covering your body.
The orc warrior closely misses you.
You scratch the orc warrior.
You bite the orc warrior, but do no damage.
The orc warrior is severely wounded.
The orc hits you with a +0 mace!
You die...

###....(.## #...# #............
.....(....###....## #...........#
...........#......####.......####
###....[..........#.......####
##....................###
##.................###
##.............#### #### ##
#..........oo## ##..## .###
##.........@##### #....##
...#####.............######....##
.....####.....###.......##.....##
†.....####...###.....#.........##
.......###..###......#####.......
#.......##.###........# #.......
#........#.###........# ##.....#
#..........##.........# #.....#
##......#.####........# ##....#


You could see an orc warrior and an orc.

Vanquished Creatures
  Pikel (D:4)
  A hippogriff (D:6)
  Edmund (D:4)
  Menkaure (D:4)
  2 ogres (D:4)
  Blork the orc (D:6)
  4 big kobolds (D:3)
  A scorpion (D:4)
  A crimson imp (D:5)
  A hound (D:6)
  2 orc priests
  4 orc wizards
  Natasha (thrice) (D:3)
  4 worker ants
  A hound skeleton (D:6)
  Robin (D:2)
  5 adders
  3 gnolls (D:3)
  2 oozes
  2 worms
  16 orcs
  5 giant cockroaches
  15 goblins
  11 hobgoblins
  15 jackals
  6 quokkas
  6 bats
  7 frilled lizards
  A jackal skeleton (D:4)
  48 kobolds
  2 quokka skeletons (D:6)
  6 rats
179 creatures vanquished.

Vanquished Creatures (others)
  Grinder (D:4)
  A slave (D:4)
  A plant (D:6)
3 creatures vanquished.

Grand Total: 182 creatures vanquished

Notes
Turn   | Place    | Note
-------+----------+-------------------------------------------
     0 | D:1      | MisterFreud the Felid Skald began the quest for the Orb.
     0 | D:1      | Reached XP level 1. HP: 9/9 MP: 4/4
   211 | D:1      | Reached XP level 2. HP: 13/13 MP: 3/6
   241 | D:1      | Learned a level 2 spell: Shroud of Golubria
   284 | D:1      | Found an iron altar of Okawaru.
   806 | D:2      | Reached XP level 3. HP: 17/17 MP: 0/7
  1359 | D:2      | Found a faded altar of an unknown god.
  1420 | D:2      | Reached skill level 1 in Stealth
  1420 | D:2      | Reached XP level 4. HP: 20/22 MP: 2/8
  1442 | D:2      | Noticed Robin
  1887 | D:2      | HP: 1/22 [hobgoblin/+0 dagger[Robin] (4)]
  1922 | D:2      | Slain by a jackal
  1923 | D:2      | Reached XP level 3. HP: 0/18 MP: 4/7
  2219 | D:2      | Killed Robin
  2331 | D:3      | Reached XP level 4. HP: 20/22 MP: 8/8
  2939 | D:3      | Noticed a big kobold
  2947 | D:3      | Killed a big kobold
  2947 | D:3      | Reached XP level 5. HP: 16/25 MP: 1/9
  3592 | D:3      | Found a sacrificial altar of Ru.
  3596 | D:3      | Noticed Natasha
  3605 | D:3      | Killed Natasha
  3751 | D:3      | Noticed Natasha
  3761 | D:3      | Killed Natasha
  3761 | D:3      | Reached skill level 5 in Dodging
  3975 | D:3      | Gained mutation: You are covered in thick fur. (AC +2)
                  | [Felid growth]
  3975 | D:3      | Reached XP level 6. HP: 20/28 MP: 5/10
  4511 | D:3      | Noticed Natasha
  4522 | D:3      | Killed Natasha
  5624 | D:4      | Reached XP level 7. HP: 32/32 MP: 4/11
  5953 | D:4      | Noticed Menkaure
  5965 | D:4      | Killed Menkaure
  6138 | D:4      | Reached skill level 5 in Stealth
  6161 | D:4      | Noticed Edmund
  6540 | D:4      | Slain by an orc wizard
  6541 | D:4      | Reached XP level 6. HP: -2/29 MP: 4/10
  6678 | D:4      | Reached XP level 7. HP: 33/33 MP: 11/11
  6691 | D:4      | Noticed Grinder
  6691 | D:4      | Noticed Pikel
  6744 | D:4      | Killed Pikel
  6744 | D:4      | Reached skill level 5 in Fighting
  6744 | D:4      | Reached skill level 5 in Unarmed Combat
  6749 | D:4      | Paralysed by Grinder for 4 turns
  6749 | D:4      | Killed Grinder
  6749 | D:4      | Reached XP level 8. HP: 12/37 MP: 0/12
  7073 | D:4      | Killed Edmund
  7167 | D:5      | Entered Level 5 of the Dungeon
  8344 | D:6      | Noticed Blork the orc
  8365 | D:6      | Noticed a hippogriff
  8575 | D:6      | Killed a hippogriff
  8671 | D:6      | Killed Blork the orc
  9026 | D:6      | Slain by an orc

Levels and vault maps discovered:
D:1:      ebering_trefoil_3fold, layout_loops_ring, okawaru_ov_weapons_minmay
D:2:      layout_basic, first_ration, chequers_ecumenical_altar_simple,
          uniq_robin
D:3:      minmay_goblin_kobold_castle, layout_basic, hangedman_ru_absence,
          uniq_natasha
D:4:      layout_rooms, minmay_increasing_density, uniq_menkaure, uniq_grinder,
          uniq_edmund, uniq_pikel
D:5:      layout_layer_cave
D:6:      layout_cave_pods, serial_shops, nicolae_shop_overgrown_old_shop,
          uniq_blork_the_orc

Skill      XL: |  1  2  3  4  5  6  7  8 |
---------------+-------------------------+-----
Fighting       | 3 4 5 6 |  6.2
Stealth        | 2 3 4 6 8 |  8.0
Dodging        | 4 5 6 8 |  8.9
Unarmed Combat | 3 4 5 6 |  6.1
Spellcasting   | |  2.0
Charms         | |  3.6

Action                   |  1- 3 |  4- 6 |  7- 9 || total
-------------------------+-------+-------+-------++-------
Melee: Unarmed           |   122 |   325 |   254 ||   701
       Bite              |     6 |    24 |    25 ||    55
       Punch             |     1 |     8 |     6 ||    15
 Cast: Infusion          |    14 |    15 |    17 ||    46
       Shroud of Golubri |     5 |    18 |    20 ||    43
  Use: Scroll            |       |     7 |       ||     7
 Stab: Sleeping          |     5 |     5 |    13 ||    23
       Distracted        |       |     1 |       ||     1
  Eat: Chunk             |    15 |    10 |    11 ||    36
Armor: Skin              |     4 |    11 |    11 ||    26
Dodge: Dodged            |    87 |   287 |   204 ||   578

Table legend:
 A = Non-vault XP
 B = Vault XP
 C = Vault XP percentage of total XP
 D = Non-vault monster count
 E = Vault monster count
 F = Vault count percentage of total count
                 A         B        C        D         E       F
            +---------+---------+-------+---------+---------+-------
      Total |    1226 |    1764 |  59.0 |     110 |      70 |  38.9
            +---------+---------+-------+---------+---------+-------
        D:1 |      28 |       0 |   0.0 |      19 |       0 |   0.0
        D:2 |     104 |      34 |  24.6 |      28 |      11 |  28.2
        D:3 |      99 |     516 |  83.9 |      17 |      52 |  75.4
        D:4 |     363 |    1114 |  75.4 |      14 |       6 |  30.0
        D:5 |     227 |       0 |   0.0 |      20 |       0 |   0.0
        D:6 |     405 |     100 |  19.8 |      12 |       1 |   7.7
            +---------+---------+-------+---------+---------+-------
